[Event "Titled Tuesday Blitz May 9 Late 2023"]
[White "Jimenez Almeida, Luis David"]
[Black "Rodriguez Santiago, Jaime"]
[WhiteFideId "22242244"]
[BlackFideId "3100898"]
[WhiteElo "2245"]
[BlackElo "2025"]
[Result "1-0"]
[Round "08"]
[TimeControl "180+2"]
[Date "2023.05.09"]
[WhiteClock "0:00:20"]
[BlackClock "0:00:13"]

1. e4 c6 2. Nc3 d5 3. Qf3 dxe4 4. Nxe4 Nf6 5. Bc4 Qd4 6. d3 Nbd7 7. Ne2 Qb6 8. Qg3 Nxe4 9. dxe4 Nf6 10. Bd3 Bg4 11. f3 Bh5 12. Qf2 e6 13. Be3 Qa5+ 14. c3 Be7 15. g4 Bg6 16. h4 h5 17. g5 Nd7 18. f4 Nc5 19. Bxc5 Bxc5 20. Qf3 O-O-O 21. f5 exf5 22. exf5 Rhe8 23. fxg6 Re3 24. Qf5+ Kb8 25. O-O-O fxg6 26. Qxg6 Qxa2 27. Bb1 Qg8 28. Rxd8+ Qxd8 29. Rd1 Qe7 30. Bd3 a5 31. Rd2 Rh3 32. Kc2 Be3 33. Rd1 Ka7 34. Qf5 Rh2 35. Qxa5+ Kb8 36. Qf5 Bb6 37. Qf4+ Bc7 38. Qf3 Qe5 39. Rf1 Rxh4 40. Qf8+ Ka7 41. Ra1+ Kb6 42. Qf2+ Qc5 43. Qxh4 g6 44. Qb4+ Qxb4 45. cxb4 h4 46. Bxg6 Bg3 47. Be4 h3 48. g6 h2 49. g7 h1=Q 50. Bxh1 Kc7 51. g8=Q 1-0


[Site "https://www.chess.com"]

[Event "Titled Tuesday Blitz May 9 Late 2023"]
[White "Rios Escobar, Adan"]
[Black "Benaddi, Mouhcine"]
[WhiteFideId "3403645"]
[BlackFideId "9001050"]
[WhiteElo "2437"]
[BlackElo "2036"]
[Result "1-0"]
[Round "08"]
[TimeControl "180+2"]
[Date "2023.05.09"]
[WhiteClock "0:01:51"]
[BlackClock "0:01:22"]

1. d4 d5 2. g3 c6 3. c4 Nf6 4. Nf3 Bf5 5. Nc3 e6 6. Nh4 Bg4 7. h3 Bh5 8. g4 Nfd7 9. Qb3 b6 10. cxd5 cxd5 11. Bg2 Nc6 12. Nf3 Bg6 13. O-O Rc8 14. Bg5 Qc7 15. Rac1 Qb8 16. Rfe1 h6 17. Bh4 Bd6 18. e4 Bf4 19. exd5 Na5 20. Qa4 Bxc1 21. dxe6 O-O 22. exd7 Rxc3 23. bxc3 Bf4 24. Re8 1-0


[Site "https://www.chess.com"]

[Event "Titled Tuesday Blitz May 9 Late 2023"]
[White "Sliwicki, Damian"]
[Black "Barria Santos, Jose Guilherme"]
[WhiteFideId "1127128"]
[BlackFideId "1939300"]
[WhiteElo "2030"]
[BlackElo "2266"]
[Result "0-1"]
[Round "08"]
[TimeControl "180+2"]
[Date "2023.05.09"]
[WhiteClock "0:00:00"]
[BlackClock "0:00:37"]

1. Nc3 h6 2. e4 a6 3. Bc4 e6 4. a4 Ne7 5. Nf3 c6 6. O-O d5 7. Ba2 Ng6 8. d4 Bb4 9. e5 c5 10. Ne2 cxd4 11. Nexd4 Nc6 12. c3 Be7 13. Nxc6 bxc6 14. a5 Qxa5 15. Nd4 Qc7 16. Bb3 Nxe5 17. Bf4 Bd6 18. Qh5 Nf3+ 19. Qxf3 Bxf4 20. g3 Bd6 21. Nxc6 O-O 22. Nd4 Bd7 23. Bc2 Rfb8 24. b4 Rc8 25. Rac1 Be5 26. Rfe1 Bf6 27. Qh5 a5 28. bxa5 Rxa5 29. Ne2 Ra2 30. Nf4 Rb8 31. Qf3 Rbb2 32. Re2 Bg5 33. Qd3 Bxf4 34. Qh7+ Kf8 35. gxf4 Qxf4 0-1


[Site "https://www.chess.com"]

[Event "Titled Tuesday Blitz May 9 Late 2023"]
[White "Koutsin"]
[Black "Butti, Enrique"]
[BlackFideId "3700470"]
[WhiteElo "2431"]
[BlackElo "2080"]
[Result "1-0"]
[Round "08"]
[TimeControl "180+2"]
[Date "2023.05.09"]
[WhiteClock "0:00:04"]
[BlackClock "0:00:05"]

1. d4 Nf6 2. c4 e6 3. Nf3 c5 4. d5 exd5 5. cxd5 d6 6. Nc3 g6 7. Nd2 Nbd7 8. e4 a6 9. a4 Bg7 10. Be2 O-O 11. O-O Ne8 12. a5 Nc7 13. Kh1 Qe7 14. f3 g5 15. Nc4 Nb5 16. Na4 Nd4 17. Bd3 Ne5 18. Nab6 Rb8 19. Ra3 Nxd3 20. Rxd3 f5 21. Nxc8 Rbxc8 22. exf5 Rxf5 23. Re3 Qd8 24. Rfe1 Rxd5 25. Nb6 Re5 26. Nxc8 Qxc8 27. Rxe5 dxe5 28. Bxg5 Qc7 29. Qd2 Qf7 30. Be3 Qb3 31. Qc3 Qb5 32. Rc1 Bf8 33. Qc4+ Qxc4 34. Rxc4 Nb3 35. Rc3 Nxa5 36. Bxc5 Nc6 37. Bxf8 Kxf8 38. Kg1 Ke7 39. Kf2 Kd6 40. g4 b5 41. h4 b4 42. Rd3+ Nd4 43. Ke3 Kc5 44. Ke4 Nc6 45. b3 a5 46. g5 a4 47. bxa4 Kc4 48. h5 b3 49. Rxb3 Kxb3 50. g6 hxg6 51. h6 1-0


[Site "https://www.chess.com"]

[Event "Titled Tuesday Blitz May 9 Late 2023"]
[White "Papayan, Oleg"]
[Black "Joubert, Dantelle"]
[WhiteFideId "4193911"]
[BlackFideId "14310813"]
[WhiteElo "2171"]
[BlackElo "1507"]
[Result "1-0"]
[Round "08"]
[TimeControl "180+2"]
[Date "2023.05.09"]
[WhiteClock "0:02:21"]
[BlackClock "0:01:10"]

1. e4 d5 2. exd5 Qxd5 3. Nc3 Qd6 4. d4 Nf6 5. Nf3 Bg4 6. h3 Bh5 7. g4 Bg6 8. Ne5 c6 9. Bf4 Qd8 10. h4 Be4 11. Rg1 e6 12. g5 Nd5 13. Nxe4 Nxf4 14. Qf3 1-0


[Site "https://www.chess.com"]

[Event "Titled Tuesday Blitz May 9 Late 2023"]
[White "Sanhueza, Cristian"]
[Black "Brueckner, Thomas"]
[WhiteFideId "116815"]
[BlackFideId "4600452"]
[WhiteElo "2174"]
[BlackElo "2322"]
[Result "1-0"]
[Round "08"]
[TimeControl "180+2"]
[Date "2023.05.09"]
[WhiteClock "0:01:33"]
[BlackClock "0:00:13"]

1. e4 e5 2. Nf3 Nc6 3. Bb5 a6 4. Ba4 Nf6 5. O-O Be7 6. Re1 b5 7. Bb3 O-O 8. h3 Bb7 9. c3 d5 10. d4 dxe4 11. Nxe5 Nxe5 12. dxe5 Nd5 13. Rxe4 c5 14. Rg4 g6 15. Bh6 Re8 16. Nd2 c4 17. Bc2 Bc8 18. Rg3 Be6 19. Ne4 Qc7 20. f4 Rad8 21. Qe2 b4 22. Rf1 bxc3 23. bxc3 Qb6+ 24. Kh1 Qc6 25. f5 Bc8 26. e6 Bd6 27. exf7+ Kxf7 28. fxg6+ Kg8 29. gxh7+ Kxh7 30. Nf6+ 1-0


[Site "https://www.chess.com"]

[Event "Titled Tuesday Blitz May 9 Late 2023"]
[White "De Souza, Cristiano Gomes"]
[Black "TheKnightOfBosnia"]
[WhiteFideId "2151758"]
[WhiteElo "2068"]
[BlackElo "2462"]
[Result "0-1"]
[Round "08"]
[TimeControl "180+2"]
[Date "2023.05.09"]
[WhiteClock "0:00:00"]
[BlackClock "0:01:16"]

1. d4 Nf6 2. c4 e6 3. Nf3 Bb4+ 4. Bd2 a5 5. a3 Be7 6. Nc3 d5 7. e3 O-O 8. Rc1 Nc6 9. Be2 dxc4 10. Bxc4 Bd6 11. O-O e5 12. dxe5 Nxe5 13. Nxe5 Bxe5 14. Qe2 c6 15. Rfd1 Qe7 16. h3 Be6 17. Bxe6 Qxe6 18. Na4 Qb3 19. Nc5 Qxb2 20. Rb1 Qxa3 21. Nxb7 Rab8 22. Nxa5 Rxb1 23. Rxb1 Qa2 24. Qe1 Ne4 25. Bb4 c5 26. Nc6 Bf6 27. f3 cxb4 28. fxe4 Bc3 29. Nxb4 Qc4 30. Qc1 Qxe4 31. Na2 Be5 32. Rb4 Qd5 33. Nc3 Qc5 34. Na2 Qa5 35. Qc2 g6 36. Qb3 Ra8 37. Rb5 Qxa2 38. Qxa2 Rxa2 39. Rxe5 Re2 40. Kh2 Kg7 41. Re8 h5 42. Kg3 Kf6 43. Kf3 Re1 44. Re4 g5 45. g4 h4 0-1


[Site "https://www.chess.com"]

[Event "Titled Tuesday Blitz May 9 Late 2023"]
[White "Martic, Ivan"]
[Black "Smiechu"]
[WhiteFideId "929301"]
[WhiteElo "2360"]
[BlackElo "2316"]
[Result "1-0"]
[Round "08"]
[TimeControl "180+2"]
[Date "2023.05.09"]
[WhiteClock "0:01:24"]
[BlackClock "0:02:18"]

1. e4 c5 2. Nf3 g6 3. d4 cxd4 4. Nxd4 Nc6 5. Nc3 Bg7 6. Be3 Nf6 7. Bc4 O-O 8. Bb3 d6 9. f3 Bd7 10. Qd2 Rc8 11. O-O-O Nxd4 12. Bxd4 b5 13. Nd5 Nxd5 14. Bxg7 Kxg7 15. exd5 a5 16. a3 Kg8 17. h4 b4 18. axb4 axb4 19. g4 Qa5 20. Qd4 Ba4 21. Kd2 Bxb3 22. cxb3 Rc5 23. Ke3 e5 24. Qd3 f5 25. gxf5 Rxf5 26. Rhg1 Qa7 27. Ke2 Qc7 28. Qxf5 Rc2+ 29. Rd2 1-0


[Site "https://www.chess.com"]

[Event "Titled Tuesday Blitz May 9 Late 2023"]
[White "Prydun, Andriy"]
[Black "KVAIDAN"]
[WhiteFideId "14145898"]
[WhiteElo "2164"]
[BlackElo "2300"]
[Result "1-0"]
[Round "08"]
[TimeControl "180+2"]
[Date "2023.05.09"]
[WhiteClock "0:00:36"]
[BlackClock "0:00:38"]

1. e4 e5 2. Nf3 d5 3. exd5 e4 4. Qe2 Nf6 5. Nc3 Be7 6. Nxe4 O-O 7. d3 Qxd5 8. Bg5 Nxe4 9. Qxe4 Qxe4+ 10. dxe4 Bxg5 11. Nxg5 Re8 12. Bd3 h6 13. Nf3 f5 14. e5 Nc6 15. O-O-O Nxe5 16. Nxe5 Rxe5 17. Rhe1 Rxe1 18. Rxe1 Kf8 19. Re5 g6 20. g4 fxg4 21. Bxg6 Bd7 22. Kd2 Rd8 23. Ke3 Kg7 24. Be4 Kf6 25. Rd5 Ke6 26. Rd4 c5 27. Rd2 Rf8 28. f3 gxf3 29. Bxf3 Bc8 30. Rg2 b5 31. Rg6+ Kf5 32. Rxh6 Re8+ 33. Kf2 Kf4 34. Rh4+ Kg5 35. Rh5+ Kf4 36. Rxc5 Rh8 37. Rh5 Rd8 38. Rh4+ Kg5 39. Kg3 a6 40. Rh5+ Kg6 41. Rc5 Rd2 42. Rxc8 Kf5 43. Rc5+ Kf6 44. a3 Kg6 45. b3 Kf6 46. a4 bxa4 47. bxa4 Rd4 48. a5 Ra4 49. c4 Ra2 50. h4 Kg6 51. Kf4 Rh2 52. Rc6+ Kg7 53. h5 Rh4+ 54. Kg5 Rh3 55. Bg4 Re3 56. Rc7+ Kh8 57. c5 Re6 58. c6 Re8 59. Rc8 Rg8+ 60. Kh4 Kh7 61. Rxg8 Kxg8 62. c7 1-0


[Site "https://www.chess.com"]

[Event "Titled Tuesday Blitz May 9 Late 2023"]
[White "merinasian"]
[Black "Boder, Jan"]
[BlackFideId "16243226"]
[WhiteElo "2420"]
[BlackElo "2241"]
[Result "0-1"]
[Round "08"]
[TimeControl "180+2"]
[Date "2023.05.09"]
[WhiteClock "0:00:33"]
[BlackClock "0:00:15"]

1. d4 Nf6 2. Nf3 e6 3. g3 d5 4. Bg2 Be7 5. O-O O-O 6. c4 c6 7. Nc3 b6 8. Ne5 Bb7 9. e4 dxc4 10. Nxc4 c5 11. e5 Nd5 12. Ne4 cxd4 13. Ned6 Bxd6 14. Nxd6 Ba6 15. Re1 Nc6 16. Qa4 Nxe5 17. Nf5 Qf6 18. Nxd4 Bb7 19. Bf4 Nd3 20. Bd6 Qxf2+ 21. Kh1 Nxe1 22. Bxf8 Qxg2# 0-1


[Site "https://www.chess.com"]

[Event "Titled Tuesday Blitz May 9 Late 2023"]
[White "Avalos Parra, Joao"]
[Black "lluiss"]
[WhiteFideId "3402541"]
[WhiteElo "2173"]
[BlackElo "2289"]
[Result "0-1"]
[Round "08"]
[TimeControl "180+2"]
[Date "2023.05.09"]
[WhiteClock "0:01:31"]
[BlackClock "0:00:59"]

1. d4 Nf6 2. c4 g6 3. Nc3 d5 4. Nf3 Bg7 5. Bg5 Ne4 6. Bf4 Nxc3 7. bxc3 c5 8. e3 O-O 9. Be2 cxd4 10. cxd4 dxc4 11. Bxc4 Qa5+ 12. Qd2 Nc6 13. O-O Qxd2 14. Nxd2 e5 15. dxe5 Nxe5 16. Be2 Be6 17. a4 Rfd8 18. Ne4 Nd3 19. Rab1 Nxf4 20. exf4 Bf5 21. Bf3 Rd4 22. Rbe1 Rc8 23. g4 Bxe4 24. Rxe4 Rxe4 25. Bxe4 b6 26. f3 Rc4 27. Rd1 Bd4+ 28. Kg2 Rxa4 29. Rc1 Bc5 30. Rd1 Rd4 31. Rxd4 Bxd4 32. Bd3 Kf8 33. Kg3 Be3 34. f5 g5 35. h4 h6 36. hxg5 hxg5 37. Kg2 f6 38. Kf1 Ke7 39. Ke2 Bd4 40. Ba6 Kd6 41. Kd3 Kc5 42. Ke4 Be5 43. Kd3 Kb4 44. Ke4 Ka5 45. Bf1 b5 46. Kd5 Ka4 0-1


[Site "https://www.chess.com"]

[Event "Titled Tuesday Blitz May 9 Late 2023"]
[White "Abdi, Farzad"]
[Black "Gatterer, Florian"]
[WhiteFideId "2076829"]
[BlackFideId "811688"]
[WhiteElo "2259"]
[BlackElo "2221"]
[Result "1-0"]
[Round "08"]
[TimeControl "180+2"]
[Date "2023.05.09"]
[WhiteClock "0:00:07"]
[BlackClock "0:00:00"]

1. d4 e6 2. c4 Nf6 3. Nc3 Bb4 4. e3 O-O 5. Bd3 d5 6. Nf3 dxc4 7. Bxc4 c5 8. Qe2 cxd4 9. exd4 Nc6 10. a3 Be7 11. Bg5 Nxd4 12. Nxd4 Qxd4 13. Rd1 Qc5 14. Be3 Qh5 15. Qxh5 Nxh5 16. O-O Nf6 17. Nb5 Nd5 18. Bxd5 exd5 19. Nc7 Bg4 20. f3 Be6 21. Nxa8 Rxa8 22. Rd4 Bc5 23. Rd3 Be7 24. Bd4 a6 25. Rc3 Bd6 26. Rfc1 h6 27. g3 Kh7 28. Kf2 Kg6 29. h4 h5 30. f4 f6 31. Bc5 Bxc5+ 32. Rxc5 Rd8 33. Ke3 d4+ 34. Kd2 Rd6 35. b4 Bg4 36. Re1 b6 37. Rc7 a5 38. Ree7 axb4 39. axb4 Rd5 40. Rxg7+ Kf5 41. Rc1 Rb5 42. Rb1 Ke4 43. Rb2 f5 44. Rd7 Kf3 45. Rb3+ Kg2 46. Rxd4 Kh3 47. Rdd3 Kg2 48. Ke1 Kg1 49. Kd2 Kf2 50. Rd4 Kg2 51. Kc1 Kh3 52. Kb2 Kg2 53. Ka3 Kh3 54. Rd2 1-0


[Site "https://www.chess.com"]

[Event "Titled Tuesday Blitz May 9 Late 2023"]
[White "Smith, Garrett L"]
[Black "Figorito, Nick"]
[WhiteFideId "2024829"]
[BlackFideId "30923689"]
[WhiteElo "2236"]
[BlackElo "2359"]
[Result "0-1"]
[Round "08"]
[TimeControl "180+2"]
[Date "2023.05.09"]
[WhiteClock "0:00:06"]
[BlackClock "0:00:38"]

1. e4 e6 2. d4 d5 3. Nc3 Bb4 4. exd5 exd5 5. Bd3 Ne7 6. Qh5 g6 7. Qh6 c5 8. dxc5 d4 9. a3 Qa5 10. axb4 Qxa1 11. Nce2 Nbc6 12. Nf3 Bg4 13. O-O Bxf3 14. gxf3 Qa4 15. Bg5 Qxb4 16. Qg7 Rg8 17. Qxh7 Qxc5 18. h4 O-O-O 19. Ng3 Rdf8 20. Ne4 Qb6 21. Nd6+ Kb8 22. Nxf7 Ka8 23. Re1 Nf5 24. Re6 Rg7 0-1


[Site "https://www.chess.com"]

[Event "Titled Tuesday Blitz May 9 Late 2023"]
[White "Hartikainen, Jarmo"]
[Black "Al-Saffar, Araz Basim Mohammed S"]
[WhiteFideId "503134"]
[BlackFideId "4801040"]
[WhiteElo "2098"]
[BlackElo "2304"]
[Result "0-1"]
[Round "08"]
[TimeControl "180+2"]
[Date "2023.05.09"]
[WhiteClock "0:00:17"]
[BlackClock "0:01:15"]

1. e4 e5 2. Nf3 Nc6 3. Bc4 Nf6 4. Ng5 d5 5. exd5 Na5 6. Bb5+ c6 7. dxc6 bxc6 8. Bd3 Nd5 9. Nf3 Nf4 10. O-O Nxd3 11. cxd3 Bd6 12. Qa4 O-O 13. Re1 Re8 14. Nc3 c5 15. Nb5 Bd7 16. Qxa5 Qxa5 17. Nxd6 Re6 18. Nc4 Qc7 19. Rxe5 Rxe5 20. Ncxe5 Re8 21. Nxd7 Qxd7 22. b3 Qd4 23. Rb1 Qxd3 24. Rb2 g5 25. h3 h5 26. a3 g4 27. hxg4 hxg4 0-1


[Site "https://www.chess.com"]

[Event "Titled Tuesday Blitz May 9 Late 2023"]
[White "Zampronha, Wladimir Camilo"]
[Black "Mirzoev, Azer"]
[WhiteFideId "2103087"]
[BlackFideId "13400304"]
[WhiteElo "2176"]
[BlackElo "2525"]
[Result "0-1"]
[Round "08"]
[TimeControl "180+2"]
[Date "2023.05.09"]
[WhiteClock "0:00:28"]
[BlackClock "0:00:29"]

1. e4 c5 2. Nf3 e6 3. d4 cxd4 4. Nxd4 a6 5. Bd3 Nc6 6. Be3 Nf6 7. O-O Qc7 8. Nc3 b5 9. Nxc6 dxc6 10. f4 e5 11. fxe5 Ng4 12. Qf3 Nxe3 13. Qxe3 Qxe5 14. Qf3 Be6 15. Ne2 Bc5+ 16. Kh1 O-O 17. Ng3 Qxb2 18. Nf5 Qe5 19. Qg4 Rad8 20. a4 g6 21. axb5 axb5 22. Nh6+ Kg7 23. Qh4 Rd7 24. Ra6 Be7 25. Ng4 Bxg4 26. Qxg4 Bd6 27. g3 Rc7 28. Rfa1 h5 29. Qf3 Re8 30. Kg2 Re6 31. Ra7 Rf6 32. Qe2 Rxa7 33. Rxa7 Bc5 34. Ra6 Rf2+ 35. Qxf2 Bxf2 36. Kxf2 Qc5+ 37. Kg2 b4 38. Ra8 Qd4 39. Rb8 c5 40. Rc8 b3 41. cxb3 Qxd3 42. Rxc5 Qxe4+ 43. Kh3 Qg4+ 44. Kg2 Qe2+ 45. Kh3 Qf1+ 46. Kh4 Qf2 0-1


[Site "https://www.chess.com"]

[Event "Titled Tuesday Blitz May 9 Late 2023"]
[White "Cooklev, Steven"]
[Black "Yeritsyan, Hayk"]
[WhiteFideId "2050552"]
[BlackFideId "13307320"]
[WhiteElo "2276"]
[BlackElo "2460"]
[Result "1-0"]
[Round "08"]
[TimeControl "180+2"]
[Date "2023.05.09"]
[WhiteClock "0:00:09"]
[BlackClock "0:00:21"]

1. e4 c6 2. Nc3 d5 3. Nf3 Bg4 4. Be2 e6 5. d4 Nf6 6. e5 Nfd7 7. Ng5 Bxe2 8. Qxe2 h6 9. Qh5 g6 10. Qh3 Qe7 11. O-O Bg7 12. Nf3 a6 13. Re1 c5 14. Nxd5 exd5 15. e6 O-O 16. exd7 Qxd7 17. Qxd7 Nxd7 18. Re7 Rad8 19. Bf4 Rfe8 20. Rae1 Rxe7 21. Rxe7 Bf8 22. Re2 c4 23. h3 f6 24. c3 Kf7 25. Kf1 Re8 26. Rxe8 Kxe8 27. Ne1 Kf7 28. Nc2 b5 29. Ne3 Ke6 30. g4 Nb6 31. b3 b4 32. cxb4 Bxb4 33. bxc4 Nxc4 34. Bxh6 Nxe3+ 35. Bxe3 f5 36. gxf5+ Kxf5 37. Ke2 Bc3 38. Kd3 Ba1 39. f3 Bb2 40. Bd2 Ba1 41. Be3 Bb2 42. Kc2 Ba1 43. Kb3 Ke6 44. Kb4 g5 45. Ka5 Kd6 46. Kxa6 Kc6 47. a4 Bc3 48. Ka7 Bb4 49. Bxg5 Ba5 50. Bf6 Bc3 51. Be5 Kd7 52. h4 Ke6 53. Kb6 Kf5 54. a5 Bxa5+ 55. Kxa5 1-0


[Site "https://www.chess.com"]

[Event "Titled Tuesday Blitz May 9 Late 2023"]
[White "Romero Ruscalleda, Josep"]
[Black "sebastianmarinp"]
[WhiteFideId "2231859"]
[WhiteElo "2183"]
[BlackElo "2409"]
[Result "1-0"]
[Round "08"]
[TimeControl "180+2"]
[Date "2023.05.09"]
[WhiteClock "0:02:17"]
[BlackClock "0:00:21"]

1. e4 e5 2. Nf3 Nc6 3. Bc4 Nf6 4. d4 exd4 5. e5 d5 6. Bb5 Ne4 7. Nxd4 Bd7 8. Bxc6 bxc6 9. O-O Be7 10. f3 Nc5 11. f4 O-O 12. f5 Bg5 13. f6 gxf6 14. Bxg5 fxg5 15. Qh5 Ne4 16. Nc3 Nxc3 17. bxc3 Qe7 18. Rae1 Kh8 19. Rf6 c5 20. Nf3 Rg8 21. Rxf7 1-0


[Site "https://www.chess.com"]

[Event "Titled Tuesday Blitz May 9 Late 2023"]
[White "Kujawski, Adam"]
[Black "Prohorov, Olexandr"]
[WhiteFideId "1100920"]
[BlackFideId "14105578"]
[WhiteElo "2054"]
[BlackElo "1966"]
[Result "1-0"]
[Round "08"]
[TimeControl "180+2"]
[Date "2023.05.09"]
[WhiteClock "0:00:12"]
[BlackClock "0:00:23"]

1. e4 c5 2. Nf3 e6 3. d4 cxd4 4. Nxd4 Qb6 5. Nc3 Bc5 6. Na4 Qa5+ 7. c3 Bxd4 8. b4 Bxf2+ 9. Kxf2 Qc7 10. Bd3 Ne7 11. Be3 O-O 12. Qh5 Ng6 13. Rhf1 Qe5 14. Qxe5 Nxe5 15. Be2 b6 16. Bf4 d6 17. Rfd1 f5 18. Rxd6 fxe4 19. Ke3 Ng6 20. Bg3 Bb7 21. Rad1 Nc6 22. Rd7 Bc8 23. Rc7 Nd8 24. Bc4 Kh8 25. Bb3 e5 26. Nb2 Nf4 27. Rd2 Bf5 28. Nc4 Nde6 29. Rb7 Rad8 30. Nxe5 Rxd2 31. Kxd2 e3+ 32. Kxe3 h5 33. Bxf4 Nxf4 34. Nf7+ Kh7 35. Kxf4 Bg6 36. Kg5 h4 37. Kxh4 Rc8 38. c4 Re8 39. Ng5+ Kh6 40. Rxa7 Re5 41. Nf3 Re4+ 42. Kg3 Bf5 43. h3 g5 44. Rb7 Re6 45. c5 Rf6 46. Rxb6 Kg7 47. Rxf6 Kxf6 48. c6 Be4 49. c7 Bb7 50. b5 Ke7 51. b6 Kd6 52. Bc2 Kc5 53. Bf5 Kxb6 54. c8=Q Bxc8 55. Bxc8 Kc5 56. Bg4 Kd6 57. Nxg5 Ke5 58. Nf3+ Kf6 59. h4 Kg6 60. h5+ Kh7 61. Kf4 Kg7 62. a4 Kh7 63. a5 Kg7 64. a6 Kh6 65. a7 Kg7 66. a8=Q Kh7 67. Qb7+ Kh8 68. Ng5 Kg8 69. Be6+ Kh8 70. Qh7# 1-0


[Site "https://www.chess.com"]

[Event "Titled Tuesday Blitz May 9 Late 2023"]
[White "Phillips, Rene"]
[Black "Skaric, Djuro"]
[WhiteFideId "2056275"]
[BlackFideId "934569"]
[WhiteElo "2191"]
[BlackElo "2282"]
[Result "0-1"]
[Round "08"]
[TimeControl "180+2"]
[Date "2023.05.09"]
[WhiteClock "0:00:00"]
[BlackClock "0:00:17"]

1. Nf3 d6 2. d4 g6 3. Bf4 Bg7 4. e3 Nf6 5. h3 O-O 6. Nbd2 Nc6 7. Be2 Nd7 8. O-O h6 9. c4 e5 10. dxe5 dxe5 11. Bh2 f5 12. a3 g5 13. Rc1 Qe7 14. b4 e4 15. Ne1 Be5 16. c5 Bb2 17. Qb3+ Kh7 18. Qxb2 Nce5 19. Nc4 Ng6 20. Bxc7 Rg8 21. Bd6 Qe6 22. Nc2 f4 23. Bg4 Qxc4 24. Nd4 Qa6 25. Be6 Rg7 26. Bc4 b5 27. Bxb5 Qb7 28. c6 Qb6 29. cxd7 Bxd7 30. Bc5 Qf6 31. Bxd7 Rxd7 32. Qb3 Re8 33. Rfd1 Ne5 34. Ne2 Rg7 35. Bd4 f3 36. Ng3 fxg2 37. Bxe5 Rxe5 38. Qc3 Rf7 39. Rd2 Qe6 40. Kxg2 g4 41. h4 Qf6 42. Rcd1 Rfe7 43. Rd6 Qxh4 44. R1d2 Qg5 45. Qc8 h5 46. Rd8 Qg7 47. Rf8 h4 0-1


[Site "https://www.chess.com"]

[Event "Titled Tuesday Blitz May 9 Late 2023"]
[White "Gerbelli Neto, Eduardo"]
[Black "Almedina Ortiz, Edgardo J."]
[WhiteFideId "2103281"]
[BlackFideId "3100197"]
[WhiteElo "2178"]
[BlackElo "2217"]
[Result "1-0"]
[Round "08"]
[TimeControl "180+2"]
[Date "2023.05.09"]
[WhiteClock "0:00:32"]
[BlackClock "0:00:00"]

1. e4 c5 2. Nc3 Nc6 3. f4 g6 4. Nf3 Bg7 5. Bc4 e6 6. f5 gxf5 7. d3 Nge7 8. O-O O-O 9. Bg5 f6 10. Be3 b6 11. Qe1 Kh8 12. Bb3 Na5 13. Nh4 fxe4 14. dxe4 c4 15. Ba4 a6 16. Ne2 b5 17. Qf2 Nac6 18. Bb6 Qe8 19. Nf4 Bb7 20. Bc5 Rg8 21. Qe2 Bh6 22. Nh5 Bg5 23. Nxf6 Qf7 24. Nxg8 Qxg8 25. Nf3 Bf6 26. e5 Bg7 27. Rad1 Rd8 28. Ng5 Nf5 29. Bb6 1-0


[Site "https://www.chess.com"]

[Event "Titled Tuesday Blitz May 9 Late 2023"]
[White "Kiseljova, Marya"]
[Black "Hollan, Petr"]
[WhiteFideId "4155009"]
[BlackFideId "360945"]
[WhiteElo "1831"]
[BlackElo "2254"]
[Result "0-1"]
[Round "08"]
[TimeControl "180+2"]
[Date "2023.05.09"]
[WhiteClock "0:00:17"]
[BlackClock "0:00:37"]

1. d4 Nf6 2. c4 e6 3. Bf4 b6 4. a3 Bb7 5. Nf3 h6 6. e3 a5 7. Nc3 d6 8. Be2 Nbd7 9. O-O g6 10. h3 Bg7 11. b4 O-O 12. Qc2 g5 13. Bh2 Re8 14. e4 axb4 15. axb4 e5 16. d5 Nh5 17. Nxe5 Rxa1 18. Rxa1 Nxe5 19. Bxh5 Qf6 20. Bxe5 Qxe5 21. Ra3 Ra8 22. Rxa8+ Bxa8 23. Qa2 Bb7 24. Nb5 Qxe4 25. Nxc7 Be5 26. g3 Kg7 27. Qa7 Bd4 28. Qa2 Qe1+ 29. Kg2 Qxb4 30. Nb5 Bxd5+ 31. cxd5 Qxb5 32. Bf3 Qc5 33. Qe2 Be5 34. Qe4 b5 35. Be2 b4 36. Bd3 Kf8 37. h4 b3 38. Bb1 gxh4 39. gxh4 Qc1 40. Kf3 b2 41. Kg4 Qg1+ 42. Kf3 Qh1+ 43. Ke2 Qc1 44. Kf3 Ke7 45. Ke2 h5 46. Kf3 f5 47. Qxf5 Qh1+ 48. Ke2 Qxd5 49. Qh7+ Kd8 50. Qc2 Bf6 51. Qd3 Qe5+ 52. Qe4 Qxe4+ 53. Bxe4 Bxh4 54. Bb1 Bf6 55. f3 h4 56. Kf2 Kc7 57. Kg2 Kb6 58. Kh3 Kc5 59. Kg4 Kd4 60. Kf5 Bd8 61. f4 Ke3 62. Kg4 h3 63. Kxh3 Kxf4 64. Kg2 Ke3 65. Kf1 Kd2 66. Kf2 Kc1 67. Bd3 b1=Q 68. Bxb1 Kxb1 69. Ke3 Kc2 70. Kd4 Be7 71. Kd5 Kd3 72. Ke6 Kd4 73. Kxe7 d5 74. Kd6 Kc4 75. Ke5 d4 76. Ke4 d3 77. Ke3 Kc3 78. Kf2 Kc2 79. Ke1 d2+ 80. Kf1 d1=Q+ 81. Kf2 Qd3 82. Kg2 Kd2 83. Kh2 Ke2 84. Kg2 Qg6+ 85. Kh1 Kf2 86. Kh2 Qh6# 0-1


[Site "https://www.chess.com"]

[Event "Titled Tuesday Blitz May 9 Late 2023"]
[White "Bashkansky, Ethan"]
[Black "KSho99"]
[WhiteFideId "2071533"]
[WhiteElo "2338"]
[BlackElo "2140"]
[Result "1-0"]
[Round "08"]
[TimeControl "180+2"]
[Date "2023.05.09"]
[WhiteClock "0:00:29"]
[BlackClock "0:00:00"]

1. d4 d5 2. c4 e6 3. Nc3 a6 4. Nf3 dxc4 5. a4 Nc6 6. e3 Na5 7. Nd2 c5 8. Nxc4 Nxc4 9. Bxc4 cxd4 10. exd4 Nf6 11. O-O Be7 12. Bg5 O-O 13. Qd3 Qa5 14. Bh4 Qh5 15. Bg3 Rd8 16. Rad1 Bd7 17. Rfe1 Bc6 18. d5 Nxd5 19. Nxd5 Bxd5 20. Bxd5 Rxd5 21. Qb3 Rad8 22. Rc1 Bg5 23. f4 Bf6 24. Qxb7 Rd2 25. Qxa6 Qd5 26. Re2 Rd1+ 27. Rxd1 Qxd1+ 28. Be1 Bxb2 29. Kf1 Bf6 30. Qb5 Qd3 31. Qxd3 Rxd3 32. Ra2 Rd6 33. a5 Ra6 34. Ke2 g6 35. Kd3 Kg7 36. Kc4 Be7 37. Kb5 Ra8 38. a6 Kf6 39. a7 Kf5 40. g3 Bd8 41. Kc6 1-0


[Site "https://www.chess.com"]

[Event "Titled Tuesday Blitz May 9 Late 2023"]
[White "Dargan, Paul A G"]
[Black "Chirivi C, Jenny Astrid"]
[WhiteFideId "416762"]
[BlackFideId "4403061"]
[WhiteElo "2042"]
[BlackElo "2019"]
[Result "0-1"]
[Round "08"]
[TimeControl "180+2"]
[Date "2023.05.09"]
[WhiteClock "0:00:01"]
[BlackClock "0:00:15"]

1. e4 c5 2. c3 Nf6 3. e5 Nd5 4. d4 cxd4 5. cxd4 d6 6. Nf3 e6 7. Bc4 Be7 8. O-O O-O 9. Qe2 b6 10. Nc3 Nxc3 11. bxc3 Qc7 12. Bd2 Bb7 13. Bd3 dxe5 14. Nxe5 Nd7 15. Nxd7 Qxd7 16. Qh5 g6 17. Qh3 Rfd8 18. Rfe1 Bf6 19. Bf4 Rac8 20. Rac1 Bg7 21. Bh6 Bh8 22. Qg4 e5 23. Qxd7 Rxd7 24. Bb5 Rd5 25. Ba4 exd4 26. Bb3 Rd7 27. cxd4 Rxc1 28. Rxc1 Bxd4 29. Rd1 Bc6 30. Re1 Rb7 31. h4 Bg7 32. Bg5 h6 33. Bf4 Bf8 34. h5 Kg7 35. Rc1 Be4 36. f3 Bd3 37. Rd1 Bb5 38. hxg6 Kxg6 39. Rd5 Bc6 40. Bc2+ Kg7 41. Rh5 Kg8 42. Bxh6 Rd7 43. Bf4 Rd5 44. Rh4 Bc5+ 45. Kh2 Bd6 46. Rg4+ Kf8 47. Be4 Bxf4+ 48. Rxf4 Rh5+ 49. Kg3 Be8 50. Kg4 Ra5 51. a4 Rxa4 52. g3 Kg7 53. Kh4 Kf8 54. g4 Ra5 55. Kg3 Kg7 56. Bf5 Rc5 57. Be4 b5 58. Bb7 a5 59. Rf5 Rxf5 60. gxf5 Kf6 61. Kf4 a4 62. Ba6 a3 0-1


[Site "https://www.chess.com"]

[Event "Titled Tuesday Blitz May 9 Late 2023"]
[White "Oliveira, Tiago Batista"]
[Black "Ardila, Oscar Humberto"]
[WhiteFideId "2108291"]
[BlackFideId "4404742"]
[WhiteElo "1962"]
[BlackElo "1918"]
[Result "0-1"]
[Round "08"]
[TimeControl "180+2"]
[Date "2023.05.09"]
[WhiteClock "0:00:06"]
[BlackClock "0:01:36"]

1. d4 Nf6 2. c4 e6 3. Nf3 Bb4+ 4. Bd2 Qe7 5. g3 O-O 6. Bg2 Bxd2+ 7. Qxd2 d6 8. Nc3 e5 9. dxe5 dxe5 10. e4 c6 11. O-O Nbd7 12. Rfd1 Nc5 13. Qe2 Bg4 14. b4 Ne6 15. c5 Nd4 16. Nxd4 Bxe2 17. Nf5 Qe6 18. Nxe2 Rad8 19. Nd6 b6 20. Rd2 bxc5 21. bxc5 Ne8 22. Rad1 Nxd6 23. cxd6 Rd7 24. f4 Rfd8 25. f5 Qf6 26. Rb2 Rxd6 27. Rxd6 Qxd6 28. h3 Qa3 29. Rc2 Qe3+ 30. Kh2 h5 31. Ng1 Rd3 32. Nf3 Rc3 33. Rd2 Rc1 34. Rd8+ Kh7 35. h4 f6 36. Rd7 Rc2 37. Rxa7 Qe2 0-1


[Site "https://www.chess.com"]